| TOP OF THE 1ST |
|
Victoria Capitals batting - Pitching for Roswell Invaders : RHP Toshihiro Nagao
|
|
Pitching: RHP Toshihiro Nagao
|
|
|
Batting: LHB Addisu Nyamekye
|
0-0: Ball 1-0: Foul Ball, location: 2F 1-1: Foul Ball, location: 2F 1-2: Fly out, F7 (Flyball, 7S, EV 92.5 MPH)
|
|
Batting: RHB Jesus Santiago
|
0-0: Foul Ball, location: 2F 0-1: Ball 1-1: Foul Ball, location: 2F 1-2: Ball 2-2: Ball 3-2: Fly out, F6 (Popup, 6, EV 75.6 MPH)
|
|
Batting: RHB Ross Hallock
|
0-0: Ball 1-0: Ball 2-0: Ball 3-0: Called Strike 3-1: Foul Ball, location: 2F 3-2: Reached on error, E6 (Groundball, 6, EV 86.9 MPH)
|
|
Batting: RHB Josh Rentz
|
0-0: Ball 1-0: Called Strike 1-1: Called Strike 1-2: Strikes out swinging
|
| Top of the 1st over - 0 runs, 0 hits, 1 error, 1 left on base; Victoria 0 - Roswell 0 |
| BOTTOM OF THE 1ST |
|
Roswell Invaders batting - Pitching for Victoria Capitals : LHP Tristan Martin
|
|
Pitching: LHP Tristan Martin
|
|
|
Batting: LHB Jalen Williams
|
0-0: Called Strike 0-1: Foul Ball, location: 2F 0-2: Ball 1-2: Ground out 6-3 (Groundball, P, EV 90.0 MPH)
|
|
Batting: RHB Shing Mah
|
0-0: Swinging Strike 0-1: Swinging Strike 0-2: Ball 1-2: Ground out 5-3 (Groundball, 56S, EV 72.5 MPH)
|
|
Batting: LHB Ivan Cortez
|
0-0: SINGLE (Groundball, 4MD, EV 106.2 MPH)
|
|
Batting: LHB Julio Zamora
|
0-0: Called Strike 0-1: Ball 1-1: Foul Ball, location: 2F 1-2: Ball 2-2: Strikes out swinging
|
| Bottom of the 1st over - 0 runs, 1 hit, 0 errors, 1 left on base; Victoria 0 - Roswell 0 |
| TOP OF THE 2ND |
|
Victoria Capitals batting - Pitching for Roswell Invaders : RHP Toshihiro Nagao
|
|
Batting: LHB Jason Cary
|
0-0: Ball 1-0: Fly out, F7 (Flyball, 7LD, EV 76.9 MPH)
|
|
Batting: LHB Matt Hepburn
|
0-0: Ball 1-0: Foul Ball, location: 2F 1-1: Called Strike 1-2: Foul Ball, location: 2F 1-2: Ball 2-2: Foul Ball, location: 2F 2-2: Fly out, F8 (Flyball, 8LM, EV 87.5 MPH)
|
|
Batting: LHB Rick Harrison
|
0-0: Ball 1-0: Called Strike 1-1: Ground out 6-3 (Groundball, 6, EV 84.4 MPH)
|
| Top of the 2nd over - 0 runs, 0 hits, 0 errors, 0 left on base; Victoria 0 - Roswell 0 |
| BOTTOM OF THE 2ND |
|
Roswell Invaders batting - Pitching for Victoria Capitals : LHP Tristan Martin
|
|
Batting: RHB Benjie Alejandro
|
0-0: Ground out U3 (Groundball, 34, EV 94.4 MPH)
|
|
Batting: RHB Jason Hanson
|
0-0: Called Strike 0-1: Ball 1-1: Called Strike 1-2: Strikes out looking
|
|
Batting: LHB Adam Spence
|
0-0: Called Strike 0-1: Ball 1-1: Fly out, F8 (Flyball, 8LD, EV 86.2 MPH)
|
| Bottom of the 2nd over - 0 runs, 0 hits, 0 errors, 0 left on base; Victoria 0 - Roswell 0 |
| TOP OF THE 3RD |
|
Victoria Capitals batting - Pitching for Roswell Invaders : RHP Toshihiro Nagao
|
|
Batting: RHB Tristan Martin
|
0-0: Ball 1-0: Ball 2-0: Called Strike 2-1: Foul Ball, location: 2F 2-2: Strikes out swinging
|
|
Batting: RHB John Britton
|
0-0: Ground out 1-3 (Groundball, P, EV 68.8 MPH)
|
|
Batting: LHB Addisu Nyamekye
|
0-0: Foul Ball, location: 2F 0-1: Foul Ball, location: 2F 0-2: Ball 1-2: Foul Ball, location: 2F 1-2: Foul Ball, location: 2F 1-2: Ball 2-2: SINGLE (Line Drive, 6MD, EV 108.1 MPH)
|
|
Batting: RHB Jesus Santiago
|
0-0: Called Strike 0-1: Swinging Strike 0-2: Fielders Choice at 2nd, 6-4 (Groundball, 6, EV 85.0 MPH)
|
| Top of the 3rd over - 0 runs, 1 hit, 0 errors, 1 left on base; Victoria 0 - Roswell 0 |
| BOTTOM OF THE 3RD |
|
Roswell Invaders batting - Pitching for Victoria Capitals : LHP Tristan Martin
|
|
Batting: RHB Shinichi Miyamoto
|
0-0: Foul Ball, location: 2F 0-1: Called Strike 0-2: Ball 1-2: Strikes out looking
|
|
Batting: RHB Carlos Gonzalez
|
0-0: Called Strike 0-1: Foul Ball, location: 2F 0-2: Ball 1-2: Ball 2-2: Foul Ball, location: 2F 2-2: Strikes out swinging
|
|
Batting: LHB Jalen Williams
|
0-0: Ball 1-0: Swinging Strike 1-1: Swinging Strike 1-2: Strikes out swinging
|
| Bottom of the 3rd over - 0 runs, 0 hits, 0 errors, 0 left on base; Victoria 0 - Roswell 0 |
| TOP OF THE 4TH |
|
Victoria Capitals batting - Pitching for Roswell Invaders : RHP Toshihiro Nagao
|
|
Batting: RHB Ross Hallock
|
0-0: Ball 1-0: Ball 2-0: Foul Ball, location: 2F 2-1: Foul Ball, location: 2F 2-2: Fly out, F9 (Flyball, 9LM, EV 103.8 MPH)
|
|
Batting: RHB Josh Rentz
|
0-0: Ball 1-0: Fly out, F3 (Popup, 34, EV 71.2 MPH)
|
|
Batting: LHB Jason Cary
|
0-0: SINGLE (Flyball, 56D, EV 89.4 MPH)
|
|
Batting: LHB Matt Hepburn
|
0-0: Swinging Strike 0-1: Ball 1-1: Swinging Strike 1-2: Strikes out looking
|
| Top of the 4th over - 0 runs, 1 hit, 0 errors, 1 left on base; Victoria 0 - Roswell 0 |
| BOTTOM OF THE 4TH |
|
Roswell Invaders batting - Pitching for Victoria Capitals : LHP Tristan Martin
|
|
Batting: RHB Shing Mah
|
0-0: Ball 1-0: Ball 2-0: Called Strike 2-1: Foul Ball, location: 2F 2-2: Strikes out swinging
|
|
Batting: LHB Ivan Cortez
|
0-0: Ball 1-0: Foul Ball, location: 2F 1-1: Ball 2-1: Ball 3-1: Called Strike 3-2: Foul Ball, location: 2F 3-2: Foul Ball, location: 2F 3-2: Fly out, F9 (Flyball, 9D, EV 96.9 MPH)
|
|
Batting: LHB Julio Zamora
|
0-0: Called Strike 0-1: Fly out, F7 (Flyball, 7LS, EV 78.1 MPH)
|
| Bottom of the 4th over - 0 runs, 0 hits, 0 errors, 0 left on base; Victoria 0 - Roswell 0 |
| TOP OF THE 5TH |
|
Victoria Capitals batting - Pitching for Roswell Invaders : RHP Toshihiro Nagao
|
|
Batting: LHB Rick Harrison
|
0-0: Called Strike 0-1: Foul Ball, location: 2F 0-2: Foul Ball, location: 2F 0-2: Ball 1-2: Ball 2-2: Foul Ball, location: 2F 2-2: SINGLE (Flyball, 5D, EV 97.5 MPH)
|
|
Batting: RHB Tristan Martin
|
0-0: Swinging Strike 0-1: Foul Ball, location: 2F 0-2: Strikes out swinging
|
|
Batting: RHB John Britton
|
0-0: Called Strike 0-1: 2-RUN HOME RUN (Flyball, 7LD, EV 94.4 MPH), Distance : 346 ft
|
|
Batting: LHB Addisu Nyamekye
|
0-0: Foul Ball, location: 2F 0-1: Ball 1-1: Swinging Strike 1-2: Ball 2-2: Ball 3-2: Ground out 1-3 (Groundball, 13, EV 70.0 MPH)
|
|
Batting: RHB Jesus Santiago
|
0-0: Called Strike 0-1: Foul Ball, location: 2F 0-2: Ball 1-2: SINGLE (Line Drive, 78S, EV 87.5 MPH)
|
|
Batting: RHB Ross Hallock
|
0-0: Ball 1-0: Called Strike 1-1: SINGLE (Groundball, 6D, EV 101.2 MPH) Jesus Santiago to second
|
|
Batting: RHB Josh Rentz
|
0-0: Ball 1-0: Fielders Choice at 2nd, 6-4 (Groundball, 6, EV 99.4 MPH)
|
| Top of the 5th over - 2 runs, 4 hits, 0 errors, 2 left on base; Victoria 2 - Roswell 0 |
| BOTTOM OF THE 5TH |
|
Roswell Invaders batting - Pitching for Victoria Capitals : LHP Tristan Martin
|
|
Batting: RHB Benjie Alejandro
|
0-0: Fly out, F8 (Line Drive, 8RM, EV 84.4 MPH)
|
|
Batting: RHB Jason Hanson
|
0-0: Ball 1-0: Swinging Strike 1-1: Ground out 5-3 (Groundball, 56S, EV 77.5 MPH)
|
|
Batting: LHB Adam Spence
|
0-0: Called Strike 0-1: Foul Ball, location: 2F 0-2: Ball 1-2: Ball 2-2: Strikes out swinging
|
| Bottom of the 5th over - 0 runs, 0 hits, 0 errors, 0 left on base; Victoria 2 - Roswell 0 |
| TOP OF THE 6TH |
|
Victoria Capitals batting - Pitching for Roswell Invaders : RHP Toshihiro Nagao
|
|
Batting: LHB Jason Cary
|
0-0: SINGLE (Line Drive, 78M, EV 87.5 MPH)
|
|
Batting: LHB Matt Hepburn
|
0-0: Ball 1-0: Called Strike 1-1: Ball 2-1: Ball 3-1: SINGLE (Line Drive, 8LS, EV 100.0 MPH) Jason Cary to second
|
|
Batting: LHB Rick Harrison
|
0-0: Ball 1-0: Ball 2-0: Ball 3-0: Called Strike 3-1: Base on Balls Jason Cary to third Matt Hepburn to second
|
|
Batting: RHB Tristan Martin
|
0-0: Ball 1-0: DOUBLE (Flyball, 3D, EV 98.8 MPH) Jason Cary scores Matt Hepburn scores Rick Harrison to third
|
|
Pitching: RHP Erik Stegenga
|
|
|
Batting: RHB John Britton
|
0-0: Called Strike 0-1: Ball 1-1: Ground out 6-3 (Groundball, 6, EV 103.1 MPH) Rick Harrison scores
|
|
Batting: LHB Addisu Nyamekye
|
0-0: Called Strike 0-1: Foul Ball, location: 2F 0-2: Ball 1-2: Foul Ball, location: 2F 1-2: Foul Ball, location: 2F 1-2: Reached on error, E6 (Groundball, 6M, EV 99.4 MPH) Tristan Martin to third
|
|
Batting: RHB Jesus Santiago
|
0-0: Called Strike Addisu Nyamekye steals 2nd base 0-1: Ball 1-1: Foul Ball, location: 2F 1-2: Ball 2-2: Foul Ball, location: 2F 2-2: Foul Ball, location: 2F 2-2: Foul Ball, location: 2F 2-2: Strikes out swinging
|
|
Batting: RHB Ross Hallock
|
0-0: Ball 1-0: Called Strike 1-1: Fly out, F7 (Flyball, 78S, EV 95.6 MPH)
|
| Top of the 6th over - 3 runs, 3 hits, 1 error, 2 left on base; Victoria 5 - Roswell 0 |
| BOTTOM OF THE 6TH |
|
Roswell Invaders batting - Pitching for Victoria Capitals : LHP Tristan Martin
|
|
Batting: RHB Shinichi Miyamoto
|
0-0: Ball 1-0: DOUBLE (Line Drive, 78D, EV 111.9 MPH)
|
|
Batting: RHB Carlos Gonzalez
|
0-0: Ball 1-0: SINGLE (Line Drive, 89M, EV 105.0 MPH) Shinichi Miyamoto to third
|
|
Batting: LHB Jalen Williams
|
0-0: Fly out, F9 (Flyball, 9LM, EV 82.5 MPH) Runner from 3rd tags up, OUT at HOME! 9-2 Carlos Gonzalez to second
|
|
Batting: RHB Shing Mah
|
0-0: Swinging Strike 0-1: Called Strike 0-2: DOUBLE (Line Drive, 7LM, EV 101.9 MPH) Carlos Gonzalez scores
|
|
Batting: LHB Ivan Cortez
|
0-0: Ball 1-0: Swinging Strike 1-1: Fly out, F6 (Line Drive, 6, EV 66.9 MPH)
|
| Bottom of the 6th over - 1 run, 3 hits, 0 errors, 1 left on base; Victoria 5 - Roswell 1 |
| TOP OF THE 7TH |
|
Victoria Capitals batting - Pitching for Roswell Invaders : RHP Erik Stegenga
|
|
Batting: RHB Josh Rentz
|
0-0: Ball 1-0: Swinging Strike 1-1: Ball 2-1: Swinging Strike 2-2: Foul Ball, location: 2F 2-2: Strikes out looking
|
|
Batting: LHB Jason Cary
|
0-0: Called Strike 0-1: Ball 1-1: Foul Ball, location: 2F 1-2: Foul Ball, location: 2F 1-2: SINGLE (Groundball, 34D, EV 100.6 MPH)
|
|
Pitching: LHP Carlos Alicea
|
|
|
Batting: LHB Matt Hepburn
|
0-0: Fielders Choice at 2nd, 6-4 (Groundball, 6, EV 104.4 MPH)
|
|
Batting: LHB Rick Harrison
|
0-0: Ball Balk! Matt Hepburn to second 1-0: SINGLE (Groundball, 34D, EV 96.9 MPH) Matt Hepburn to third Runner from 3rd tries for Home, SAFE, throw by RF to home
|
|
Batting: RHB Tristan Martin
|
0-0: Fly out, F7 (Flyball, 7D, EV 95.0 MPH)
|
| Top of the 7th over - 1 run, 2 hits, 0 errors, 1 left on base; Victoria 6 - Roswell 1 |
| BOTTOM OF THE 7TH |
|
Roswell Invaders batting - Pitching for Victoria Capitals : LHP Tristan Martin
|
|
Batting: LHB Julio Zamora
|
0-0: DOUBLE (Flyball, 89XD, EV 115.6 MPH)
|
|
Batting: RHB Benjie Alejandro
|
0-0: Called Strike 0-1: Swinging Strike 0-2: Strikes out swinging
|
|
Pitching: RHP Fikre Taalib
|
|
|
Pinch Hitting: RHB Homer Petropoulos
|
0-0: Ball 1-0: Ball 2-0: Called Strike 2-1: Called Strike 2-2: Ball 3-2: Base on Balls
|
|
Batting: LHB Adam Spence
|
0-0: Hit by Pitch Julio Zamora to third Homer Petropoulos to second
|
|
Batting: RHB Shinichi Miyamoto
|
0-0: Called Strike 0-1: Ball 1-1: Called Strike 1-2: Strikes out looking
|
|
Pinch Hitting: RHB Drew Sigona
|
0-0: Called Strike 0-1: Ball 1-1: Ground out 4-3 (Groundball, 34, EV 88.8 MPH)
|
| Bottom of the 7th over - 0 runs, 1 hit, 0 errors, 3 left on base; Victoria 6 - Roswell 1 |
| TOP OF THE 8TH |
|
Victoria Capitals batting - Pitching for Roswell Invaders : LHP Carlos Alicea
|
|
Now at 1B: Matt Satterfield
|
|
|
Now at 3B: Cullen Kelley
|
|
|
Batting: RHB John Britton
|
0-0: Foul Ball, location: 2F 0-1: Ball 1-1: Swinging Strike 1-2: Ball 2-2: Foul Ball, location: 2F 2-2: Foul Ball, location: 2F 2-2: Foul Ball, location: 2F 2-2: Ball 3-2: Foul Ball, location: 2F 3-2: Foul Ball, location: 2F 3-2: Base on Balls
|
|
Batting: LHB Addisu Nyamekye
|
0-0: Ball 1-0: Ball 2-0: Called Strike 2-1: Called Strike 2-2: Ball 3-2: Fielders Choice at 2nd, 5-4 (Groundball, 56, EV 101.2 MPH)
|
|
Now at 2B: Angelo Lira
|
|
|
Batting: RHB Jesus Santiago
|
0-0: Foul Ball, location: 2F 0-1: 2-RUN HOME RUN (Flyball, 78XD, EV 103.8 MPH), Distance : 411 ft
|
|
Pinch Hitting: RHB Ray Wathey
|
0-0: Called Strike 0-1: Ball 1-1: Called Strike 1-2: Ball 2-2: Ball 3-2: Foul Ball, location: 2F 3-2: Base on Balls
|
|
Pitching: RHP Sergio Reyes
|
|
|
Batting: RHB Josh Rentz
|
0-0: Ball 1-0: Fly out, F8 (Flyball, 89M, EV 88.8 MPH)
|
|
Batting: LHB Jason Cary
|
0-0: Fly out, F7 (Flyball, 78S, EV 85.0 MPH)
|
| Top of the 8th over - 2 runs, 1 hit, 0 errors, 1 left on base; Victoria 8 - Roswell 1 |
| BOTTOM OF THE 8TH |
|
Roswell Invaders batting - Pitching for Victoria Capitals : RHP Fikre Taalib
|
|
Now at 1B: Ray Wathey
|
|
|
Batting: LHB Jalen Williams
|
0-0: Ball 1-0: Foul Ball, location: 2F 1-1: Ball 2-1: Fly out, F6 (Popup, 6MD, EV 41.9 MPH)
|
|
Batting: LHB Angelo Lira
|
0-0: Ball 1-0: SINGLE (Groundball, 34S, EV 63.8 MPH) (infield hit)
|
|
Batting: LHB Ivan Cortez
|
0-0: 2-RUN HOME RUN (Flyball, 9LD, EV 91.9 MPH), Distance : 341 ft
|
|
Batting: LHB Julio Zamora
|
0-0: Ball 1-0: SINGLE (Groundball, 6D, EV 96.2 MPH)
|
|
Batting: RHB Benjie Alejandro
|
0-0: Called Strike 0-1: Swinging Strike 0-2: Strikes out swinging
|
|
Pinch Hitting: LHB Falco van Koeveringe
|
0-0: Ball 1-0: Foul Ball, location: 2F 1-1: Foul Ball, location: 2F 1-2: DOUBLE (Flyball, 8LXD, EV 105.0 MPH) Julio Zamora to third
|
|
Batting: LHB Adam Spence
|
0-0: Called Strike 0-1: Called Strike 0-2: Ball 1-2: Foul Ball, location: 2F 1-2: Ball 2-2: Ball 3-2: Foul Ball, location: 2F 3-2: 3-RUN HOME RUN (Flyball, 89XD, EV 105.0 MPH), Distance : 416 ft
|
|
Pitching: RHP Yen-nien Luo
|
|
|
Batting: RHB Shinichi Miyamoto
|
0-0: Called Strike 0-1: Foul Ball, location: 2F 0-2: Ball 1-2: Foul Ball, location: 2F 1-2: Fly out, F9 (Flyball, 89M, EV 90.6 MPH)
|
| Bottom of the 8th over - 5 runs, 5 hits, 0 errors, 0 left on base; Victoria 8 - Roswell 6 |
| TOP OF THE 9TH |
|
Victoria Capitals batting - Pitching for Roswell Invaders : RHP Sergio Reyes
|
|
Now at 1B: Hidemitsu Matsuno
|
|
|
Batting: LHB Matt Hepburn
|
0-0: Called Strike 0-1: Foul Ball, location: 2F 0-2: Ball 1-2: Strikes out swinging
|
|
Batting: LHB Rick Harrison
|
0-0: Ball 1-0: Foul Ball, location: 2F 1-1: Called Strike 1-2: Ball 2-2: Ground out 4-3 (Groundball, 4, EV 76.9 MPH)
|
|
Batting: LHB Taki Matsui
|
0-0: Ball 1-0: Swinging Strike 1-1: Foul Ball, location: 2F 1-2: Foul Ball, location: 2F 1-2: Strikes out looking
|
| Top of the 9th over - 0 runs, 0 hits, 0 errors, 0 left on base; Victoria 8 - Roswell 6 |
| BOTTOM OF THE 9TH |
|
Roswell Invaders batting - Pitching for Victoria Capitals : RHP Yen-nien Luo
|
|
Pinch Hitting: RHB Ray Bieber
|
0-0: Foul Ball, location: 2F 0-1: Ball 1-1: Ball 2-1: Foul Ball, location: 2F 2-2: Ball 3-2: Strikes out swinging
|
|
Batting: LHB Jalen Williams
|
0-0: Ball 1-0: Called Strike 1-1: Ball 2-1: Fly out, F9 (Flyball, 89M, EV 91.9 MPH)
|
|
Batting: LHB Angelo Lira
|
0-0: Swinging Strike 0-1: Foul Ball, location: 2F 0-2: SINGLE (Line Drive, 6MD, EV 105.0 MPH)
|
|
Batting: LHB Ivan Cortez
|
0-0: Ball 1-0: Ball 2-0: Ball 3-0: Called Strike 3-1: Called Strike 3-2: Base on Balls Angelo Lira to second
|
|
Batting: LHB Julio Zamora
|
0-0: Foul Ball, location: 2F 0-1: Foul Ball, location: 2F 0-2: Ball 1-2: Ball 2-2: Strikes out looking
|
| Bottom of the 9th over - 0 runs, 1 hit, 0 errors, 2 left on base; Victoria 8 - Roswell 6 |
|